[Event "Team 45 45 League T68"]
[Site "Internet Chess Club"]
[Date "2016.03.25"]
[Round "3"]
[White "Hal2001"]
[Black "KidRattler"]
[Result "1-0"]
[WhiteElo "1692"]
[BlackElo "1614"]
[Opening "Pirc defense"]
[ECO "B07"]
[Time "16:26:42"]
[TimeControl "2700+45"]

1. e4 d6 2. d4 Nf6 3. Nc3 Nbd7 4. f4 g6 5. Nf3 Bg7 6. Bc4 O-O 7. O-O e6 8. Bb3
Nb6 9. Qe1 h5 10. e5 Nfd5 11. Ne2 dxe5 12. fxe5 Bf6 13. exf6 Qxf6 14. Ne5 Qg7
15. Qg3 Nf6 16. Qf3 g5 17. Qxf6 Qxf6 18. Rxf6 Nd7 19. Nxd7 Bxd7 20. Bxg5 Rfe8
21. Raf1 Re7 22. Nf4 e5 23. Nxh5 exd4 24. Bxf7+ Rxf7 25. Rxf7 Bf5 26. R1xf5 Re8
27. Rxc7 d3 28. Nf6+ Kf8 29. Nxe8+ Kxe8 30. cxd3 a6 31. Rd5 b5 32. Rd8# {Black
checkmated} 1-0

[Event "Team 45 45 League T68"]
[Site "Internet Chess Club"]
[Date "2016.03.26"]
[Round "3"]
[White "Visin"]
[Black "Constrictor"]
[Result "0-1"]
[WhiteElo "1206"]
[BlackElo "1609"]
[Opening "King's pawn game"]
[ECO "C50"]
[Time "12:01:20"]
[TimeControl "2700+45"]

1. e4 e5 2. Nf3 Nc6 3. Bc4 Nge7 4. d4 exd4 5. Nxd4 Nxd4 6. Qxd4 Nc6 7. Qe3 Qf6
8. c3 Ne5 9. Be2 d6 10. h3 Be6 11. b3 Be7 12. Bb2 Bd7 13. c4 Nf3+ 14. Bxf3 Qxb2
15. Qc3 Bf6 16. Qxb2 Bxb2 17. O-O Bxa1 18. Rd1 O-O-O 19. Na3 Bb2 20. Nc2 Rhe8
21. Ne3 Bc6 22. Nf5 {White resigns} 0-1

[Event "Team 45 45 League T68"]
[Site "Internet Chess Club"]
[Date "2016.03.27"]
[Round "3"]
[White "ausya"]
[Black "CottageGuy"]
[Result "0-1"]
[WhiteElo "1688"]
[BlackElo "1722"]
[Opening "French: advance, Milner-Barry gambit"]
[ECO "C02"]
[Time "11:00:23"]
[TimeControl "2700+45"]

1. e4 e6 2. d4 d5 3. e5 c5 4. c3 Nc6 5. Nf3 Qb6 6. Bd3 Bd7 7. Bc2 cxd4 8. cxd4
Nb4 9. O-O Nxc2 10. Qxc2 Ne7 11. Nc3 Rc8 12. Be3 Nf5 13. Qd2 Be7 14. Rac1 O-O
15. Rc2 Rc4 16. g4 Nxe3 17. Qxe3 Rfc8 18. Rfc1 Bb4 19. Qd3 Bxc3 20. bxc3 Ba4 21.
Re2 Qd8 22. Nd2 Rb4 23. Qe3 Bb5 24. cxb4 Rxc1+ 25. Re1 Rxe1+ 26. Qxe1 Qh4 27.
Qd1 h5 28. f3 hxg4 29. fxg4 Qh6 30. Nf1 Bxf1 31. Qxf1 Qd2 32. Qf2 Qd1+ 33. Kg2
Qxg4+ 34. Kh1 Qe4+ 35. Kg1 Qb1+ 36. Kg2 Qxb4 37. Kf3 Qc3+ 38. Kg2 b5 39. Qh4
Qd2+ 40. Kh1 b4 41. Qd8+ Kh7 42. Qh4+ Kg6 43. Qg4+ Qg5 44. Qe2 Qf4 45. Qg2+ Kf5
46. Qh3+ Ke4 47. Qh7+ Ke3 48. Qxg7 Qf1+ 49. Qg1+ Qxg1+ 50. Kxg1 Kxd4 51. Kg2
Kxe5 52. Kf3 Kf5 53. Ke3 e5 54. Kd3 a5 55. Ke3 Kg4 56. Kf2 d4 57. Kg2 e4 58. Kf2
f5 59. Kg2 f4 60. Kf2 d3 61. h3+ Kxh3 62. a4 e3+ 63. Kf3 e2 64. Kxf4 e1=Q {White
resigns} 0-1

[Event "Team 45 45 League T68"]
[Site "Internet Chess Club"]
[Date "2016.03.26"]
[Round "3"]
[White "Fianchettoed"]
[Black "Elton2013"]
[Result "0-1"]
[WhiteElo "1654"]
[BlackElo "1776"]
[Opening "Réti: King's Indian attack"]
[ECO "A05"]
[Time "18:00:30"]
[TimeControl "2700+45"]

1. Nf3 Nf6 2. g3 g6 3. Bg2 Bg7 4. O-O O-O 5. c4 c6 6. d4 d6 7. Nc3 Qc7 8. h3
Nbd7 9. Qc2 e5 10. e4 Ne8 11. Be3 h6 12. Rfd1 f5 13. dxe5 dxe5 14. exf5 gxf5 15.
Nh4 f4 16. Bd2 fxg3 17. fxg3 Rf6 18. Ne4 Rf7 19. c5 Ndf6 20. Kh2 Be6 21. Bc3 Nd5
22. Rd3 Rd8 23. Rad1 Rfd7 24. Qe2 Nxc3 25. Nxc3 Rxd3 26. Rxd3 Bc4 27. Rxd8 Bxe2
28. Rxe8+ Kf7 29. Ra8 Ba6 30. Be4 Bf6 31. Nf3 b6 32. cxb6 Qxb6 33. Kg2 Qb7
{White resigns} 0-1

[Event "Team 45 45 League T68"]
[Site "Internet Chess Club"]
[Date "2016.03.27"]
[Round "3"]
[White "moodle"]
[Black "Tommyboy1576"]
[Result "1-0"]
[WhiteElo "1600"]
[BlackElo "1443"]
[Opening "Sicilian: Alapin's variation (2.c3)"]
[ECO "B22"]
[Time "18:00:48"]
[TimeControl "2700+45"]

1. e4 c5 2. c3 e6 3. d4 d5 4. exd5 exd5 5. Nf3 Nc6 6. Be2 Nf6 7. Bf4 cxd4 8.
cxd4 Bd6 9. Bg5 O-O 10. Nc3 Be6 11. O-O h6 12. Bh4 a6 13. Bd3 Be7 14. Qb3 Na5
15. Qc2 Rc8 16. Bf5 b5 17. Bxe6 fxe6 18. Qe2 Nh7 19. Qxe6+ Rf7 20. Bxe7 Qxe7 21.
Qxc8+ {Black resigns} 1-0

[Event "Team 45 45 League T68"]
[Site "Internet Chess Club"]
[Date "2016.03.27"]
[Round "3"]
[White "Chesstime2016"]
[Black "mattwang"]
[Result "1-0"]
[WhiteElo "1459"]
[BlackElo "1431"]
[Opening "Sicilian: Grand Prix attack"]
[ECO "B21"]
[Time "16:00:15"]
[TimeControl "2700+45"]

1. e4 c5 2. f4 e6 3. Nf3 d5 4. Bb5+ Bd7 5. Bxd7+ Nxd7 6. d3 dxe4 7. dxe4 Ngf6 8.
Nc3 Nb6 9. Qxd8+ Rxd8 10. b3 c4 11. Bb2 Bb4 12. O-O Bxc3 13. Bxc3 Nxe4 14. Bxg7
Rg8 15. Be5 Nd2 16. Rf2 Ne4 17. Re2 Nc5 18. Bc7 Rd7 19. Bxb6 axb6 20. Ne5 Rd4
21. Nxc4 b5 22. Ne5 Rxf4 23. Rf1 Rxf1+ 24. Kxf1 Nd7 25. Nxd7 Kxd7 26. g3 Rg5 27.
Rd2+ Ke7 28. Rd4 Rf5+ 29. Ke2 Re5+ 30. Kd3 Rc5 31. Rh4 Rd5+ 32. Kc3 Rc5+ 33. Kb2
e5 34. Rxh7 e4 35. Rh4 e3 36. Re4+ {Black resigns} 1-0

[Event "Team 45 45 League T68"]
[Site "Internet Chess Club"]
[Date "2016.03.30"]
[Round "3"]
[White "mejker"]
[Black "jonesey"]
[Result "1-0"]
[WhiteElo "2127"]
[BlackElo "1998"]
[Opening "Queen's pawn: London system"]
[ECO "A45"]
[Time "16:11:47"]
[TimeControl "2700+45"]

1. d4 Nf6 2. Bf4 Nh5 3. Bg5 g6 4. e3 Bg7 5. Be2 Nf6 6. Nf3 d6 7. Nbd2 Nbd7 8.
O-O O-O 9. e4 e5 10. c3 Re8 11. Qc2 Nf8 12. dxe5 dxe5 13. Nc4 h6 14. Bh4 g5 15.
Bg3 N6d7 16. Rfd1 Ng6 17. Ne3 Nf4 18. Nf5 Qf6 19. Bb5 Rd8 20. h4 Nf8 21. hxg5
hxg5 22. Rxd8 Qxd8 23. Nxg7 Kxg7 24. Nxe5 Qf6 25. Nf3 N8g6 26. Re1 Bg4 27. Nd4
Rh8 28. Nf5+ Kg8 29. Bf1 Rh5 30. Qa4 Ne5 31. Qe8+ Kh7 32. Bh2 Bxf5 33. exf5 Ng4
34. Bg3 Kg7 35. Bc4 Qxf5 36. Bxf7 Rh8 37. Qe7 Qxf7 38. Qxg5+ {Black forfeits on
time} 1-0

[Event "Team 45 45 League T68"]
[Site "Internet Chess Club"]
[Date "2016.03.25"]
[Round "3"]
[White "fledermaus"]
[Black "modiglani"]
[Result "1/2-1/2"]
[WhiteElo "1916"]
[BlackElo "1863"]
[Opening "Three knights: Steinitz, Rosenthal variation"]
[ECO "C46"]
[Time "14:01:36"]
[TimeControl "2700+45"]

1. Nf3 Nc6 2. e4 e5 3. Nc3 g6 4. d4 exd4 5. Nd5 Bg7 6. Bg5 f6 7. Bf4 d6 8. Nxd4
Nge7 9. Bb5 O-O 10. O-O Ne5 11. Qd2 c6 12. Nxe7+ Qxe7 13. Ba4 Kh8 14. Bb3 Bd7
15. c4 Rad8 16. Rfe1 a5 17. a3 a4 18. Ba2 c5 19. Nc2 Be6 20. Ne3 Qf7 21. Nd5 Nc6
22. Rac1 Nd4 23. Nb6 Rfe8 24. Nxa4 b5 25. Nc3 bxc4 26. Rcd1 g5 27. Be3 Nc6 28.
Nd5 Bxd5 29. exd5 Ne5 30. Bb1 Qh5 31. f3 g4 32. f4 Ng6 33. Bf2 f5 34. Ba2 Re4
35. Rxe4 fxe4 36. Bxc4 Nxf4 37. Be3 Ng6 38. Qc2 Be5 39. g3 Rb8 40. b3 Bg7 41.
Qxe4 Ne5 42. Qc2 Nf3+ 43. Kh1 Be5 44. Qg2 Rf8 45. Rf1 Rf6 46. Be2 Qf7 47. Bc4
Qh5 {Game drawn by mutual agreement} 1/2-1/2

[Event "Team 45 45 League T68"]
[Site "Internet Chess Club"]
[Date "2016.03.25"]
[Round "3"]
[White "PolishRyszard"]
[Black "ChessRooklift"]
[Result "1-0"]
[WhiteElo "1915"]
[BlackElo "1825"]
[Opening "Richter-Veresov attack"]
[ECO "D01"]
[Time "17:00:56"]
[TimeControl "2700+45"]

1. d4 d5 2. Nc3 Nf6 3. Bg5 Nbd7 4. f3 c6 5. e4 dxe4 6. fxe4 e5 7. Nf3 exd4 8.
Qxd4 Qb6 9. O-O-O Qxd4 10. Nxd4 h6 11. Bh4 Bc5 12. Nf5 O-O 13. h3 Re8 14. Bd3
Kh7 15. Rhf1 Ne5 16. Nxg7 Nxd3+ 17. cxd3 Be3+ 18. Kb1 Kxg7 19. Bxf6+ Kg6 20. Rf3
Bb6 21. Rdf1 Rg8 22. d4 Bd7 23. d5 Rae8 24. a3 Kh7 25. g4 Rc8 26. Be5 Be8 27. d6
Rd8 28. Rd1 Rd7 29. Bf6 Rg6 30. e5 Kg8 31. Ne4 Kh7 32. Be7 Re6 33. Nf6+ Kg7 34.
Nxe8+ {Black resigns} 1-0

[Event "Team 45 45 League T68"]
[Site "Internet Chess Club"]
[Date "2016.03.28"]
[Round "3"]
[White "avila"]
[Black "frontier"]
[Result "1-0"]
[WhiteElo "1941"]
[BlackElo "1855"]
[Opening "English: Carls' Bremen system"]
[ECO "A22"]
[Time "19:10:00"]
[TimeControl "2700+45"]

1. c4 e5 2. Nc3 Nf6 3. g3 Nc6 4. Bg2 Bb4 5. Nd5 Bc5 6. e3 O-O 7. Ne2 Re8 8. Nec3
Nxd5 9. cxd5 Ne7 10. O-O d6 11. Na4 Bb6 12. d4 Ng6 13. Nxb6 axb6 14. dxe5 Nxe5
15. f4 Bg4 16. Qc2 Ng6 17. b3 Qd7 18. Re1 Bh3 19. Bf3 Bg4 20. Bh1 Re7 21. Bb2
Rae8 22. Qc3 f6 23. Rac1 Bf5 24. Kf2 h5 25. Qc4 h4 26. e4 hxg3+ 27. hxg3 Bg4 28.
Re3 b5 29. Qc2 Nh8 30. Bd4 Nf7 31. Rc3 Rc8 32. Bb6 c5 33. dxc6 bxc6 34. Rxc6
Rxc6 35. Qxc6 Qxc6 36. Rxc6 f5 37. Rc8+ Kh7 38. Rc7 Rxc7 39. Bxc7 fxe4 40. Bxe4+
g6 41. Bc6 {Black resigns} 1-0

[Event "Team 45 45 League T68"]
[Site "Internet Chess Club"]
[Date "2016.03.28"]
[Round "3"]
[White "Knight8700"]
[Black "LittleButton"]
[Result "1-0"]
[WhiteElo "1845"]
[BlackElo "1859"]
[Opening "QGD: Janowski variation"]
[ECO "D31"]
[Time "13:03:19"]
[TimeControl "2700+45"]

1. d4 d5 2. c4 e6 3. Nc3 a6 4. Nf3 dxc4 5. a4 Nc6 6. e3 Na5 7. Ne5 Nf6 8. Nxc4
c5 9. Nxa5 Qxa5 10. Bd2 Qc7 11. dxc5 Bxc5 12. Be2 O-O 13. O-O b6 14. Bf3 Bb7 15.
Bxb7 Qxb7 16. Qc2 Rac8 17. Rfd1 Rfd8 18. Qb3 Bd6 19. Rac1 Ng4 20. h3 Ne5 21. Be1
Ng6 22. f3 Bc5 23. Bf2 Ne5 24. Ne4 Be7 25. Bg3 Nd7 26. Rxc8 Rxc8 27. Nd6 Bxd6
28. Rxd6 Rc6 29. Qd3 Rxd6 30. Qxd6 Qd5 31. Qxd5 exd5 32. Bc7 f5 33. Kf2 Kf7 34.
b4 b5 35. axb5 axb5 36. Ke2 Ke6 37. Kd3 Nf6 38. Kd4 Nd7 39. Bf4 h6 40. h4 Nf8
41. Kc5 Ng6 42. Bg3 f4 43. exf4 Kf5 44. Kxb5 Nxf4 45. Bxf4 Kxf4 46. Kc5 Ke5 47.
b5 d4 48. Kc4 {Black resigns} 1-0

[Event "Team 45 45 League T68"]
[Site "Internet Chess Club"]
[Date "2016.03.28"]
[Round "3"]
[White "laurenpar"]
[Black "gomeschess"]
[Result "1/2-1/2"]
[WhiteElo "1954"]
[BlackElo "2086"]
[Opening "English opening"]
[ECO "A16"]
[Time "22:00:37"]
[TimeControl "2700+45"]

1. c4 Nf6 2. Nc3 g6 3. g3 Bg7 4. Bg2 O-O 5. d3 d6 6. Rb1 e5 7. Nf3 c6 8. O-O h6
9. b4 Be6 10. b5 Nbd7 11. Nd2 Qc7 12. Ba3 Ne8 13. bxc6 bxc6 14. Qa4 Rc8 15. Qa6
Nb8 16. Qb7 Qa5 17. Bb4 Qa6 18. Qxa6 Nxa6 19. Ba3 f5 20. Rb7 Rf7 21. Rfb1 Rcc7
22. Rxc7 Rxc7 23. Na4 Bf8 24. Nb3 d5 25. Bxf8 Kxf8 26. Nbc5 Nxc5 27. Nxc5 Bf7
28. Na6 Rc8 29. c5 Nc7 30. Nxc7 Rxc7 31. e3 Be6 32. d4 e4 33. Bf1 Bc8 34. Rb8
Ke7 35. Be2 Kd7 36. Kg2 Rb7 37. Rxb7+ Bxb7 38. g4 Ke7 39. gxf5 gxf5 40. Kg3 Bc8
41. Kf4 Kf6 42. Bh5 Bd7 43. a3 Ke6 44. h3 Kf6 45. h4 Ke6 46. Bg6 Kf6 47. h5 a6
48. Bh7 Be6 49. Bg6 Bd7 50. Bh7 Be6 51. Bg6 Bd7 {Game drawn by repetition}
1/2-1/2

[Event "Team 45 45 League T68"]
[Site "Internet Chess Club"]
[Date "2016.03.28"]
[Round "3"]
[White "krysto"]
[Black "FrankNautilus"]
[Result "1/2-1/2"]
[WhiteElo "1610"]
[BlackElo "1708"]
[Opening "QGD: Tarrasch defense"]
[ECO "D32"]
[Time "20:25:36"]
[TimeControl "2700+45"]

1. d4 d5 2. c4 e6 3. Nc3 c5 4. Nf3 Nc6 5. e3 Nf6 6. Bd3 a6 7. a4 Be7 8. O-O O-O
9. cxd5 exd5 10. dxc5 Bxc5 11. b3 Bg4 12. Bb2 Re8 13. Rc1 Be7 14. h3 Bh5 15. g4
Bg6 16. Bxg6 hxg6 17. Nd4 Nxd4 18. Qxd4 Rc8 19. Rfd1 Bc5 20. Qf4 Bd6 21. Qd4 Bc5
22. Qf4 Bd6 23. Qd4 Bc5 {Game drawn by repetition} 1/2-1/2

[Event "Team 45 45 League T68"]
[Site "Internet Chess Club"]
[Date "2016.03.23"]
[Round "3"]
[White "QuieroAprender"]
[Black "scostanzo212"]
[Result "1-0"]
[WhiteElo "1626"]
[BlackElo "1520"]
[Opening "QGD Slav: Slav gambit"]
[ECO "D15"]
[Time "19:36:00"]
[TimeControl "2700+45"]

1. d4 d5 2. c4 c6 3. Nc3 Nf6 4. Nf3 dxc4 5. e4 b5 6. d5 b4 7. Na4 cxd5 8. exd5
Qxd5 9. Qxd5 Nxd5 10. Bxc4 Nf6 11. Bf4 Nbd7 12. Bb5 Bb7 13. Nc5 Bxf3 14. gxf3 e6
15. Nxd7 Nxd7 16. Rd1 Rd8 17. Bc7 Rc8 18. Bxd7+ {Black resigns} 1-0

[Event "Team 45 45 League T68"]
[Site "Internet Chess Club"]
[Date "2016.03.24"]
[Round "3"]
[White "Berke"]
[Black "isolani"]
[Result "1/2-1/2"]
[WhiteElo "1538"]
[BlackElo "1450"]
[Opening "Owen defense"]
[ECO "B00"]
[Time "17:30:08"]
[TimeControl "2700+45"]

1. e4 b6 2. Nf3 Bb7 3. Nc3 e6 4. d4 Bb4 5. Bd3 Nf6 6. Qe2 O-O 7. O-O Bxc3 8.
bxc3 d6 9. Bg5 h6 10. Bh4 g5 11. Bg3 Nh5 12. e5 Nxg3 13. fxg3 f5 14. exf6 Rxf6
15. Rad1 Kg7 16. Nd2 Nd7 17. Ne4 Bxe4 18. Qxe4 Qg8 19. Rxf6 Kxf6 20. Rf1+ Ke7
21. Qc6 g4 22. Bb5 Rd8 23. Qxc7 {Game drawn by mutual agreement} 1/2-1/2

[Event "Team 45 45 League T68"]
[Site "Internet Chess Club"]
[Date "2016.03.25"]
[Round "3"]
[White "Gojira"]
[Black "parrot9"]
[Result "0-1"]
[WhiteElo "1620"]
[BlackElo "1731"]
[Opening "Queen's pawn, Mason variation"]
[ECO "D00"]
[Time "10:04:34"]
[TimeControl "2700+45"]

1. d4 d5 2. Bf4 Nf6 3. e3 e6 4. Nf3 a6 5. Bd3 Be7 6. h3 Nbd7 7. Nbd2 c5 8. c3 b5
9. Ne5 Bb7 10. Ndf3 Ne4 11. Nxd7 Qxd7 12. Ne5 Qd8 13. Qg4 Bf6 14. f3 Nd6 15.
dxc5 Nc4 16. Bxc4 h5 17. Qg3 Bh4 {White resigns} 0-1

[Event "Team 45 45 League T68"]
[Site "Internet Chess Club"]
[Date "2016.03.25"]
[Round "3"]
[White "crazyhorses"]
[Black "Ajolote"]
[Result "1/2-1/2"]
[WhiteElo "1386"]
[BlackElo "1659"]
[Opening "Sicilian defense"]
[ECO "B20"]
[Time "13:21:15"]
[TimeControl "2700+45"]

1. e4 c5 2. d3 Nc6 3. Nf3 d6 4. Nbd2 Nf6 5. g3 g6 6. Bg2 Bg7 7. c3 Bg4 8. Qc2
Rc8 9. O-O O-O 10. h3 Bxf3 11. Nxf3 Qd7 12. Re1 Rfd8 13. Be3 b5 14. Rad1 e5 15.
a3 a5 16. Qb3 Rb8 17. Kh2 h5 18. Bg5 b4 19. Qc2 Rf8 20. Qa4 Rb7 21. d4 cxd4 22.
cxd4 Nh7 23. dxe5 Nxe5 24. Qxd7 Nxf3+ 25. Bxf3 Rxd7 26. Bc1 bxa3 27. bxa3 Be5
28. Rd3 Nf6 29. Kg2 Rc8 30. Red1 Rdc7 31. Be3 Rc3 32. Bb6 a4 33. Ba5 Rxd3 34.
Rxd3 Rc4 35. Bb4 Nxe4 36. Bxe4 Rxe4 37. Bxd6 Bxd6 38. Rxd6 Kg7 39. Ra6 f5 40. h4
Kf7 41. Kf3 Kg7 42. Kg2 Kf7 43. Kf1 Kg7 44. Ra7+ Kf6 45. Kg2 Ke6 46. Kf3 Kf6 47.
Rc7 Ke6 48. Rc6+ Kf7 49. Rc3 Kf6 50. Rd3 Ke6 51. Rd8 Ke7 52. Rg8 Kf7 53. Ra8 Kg7
54. Kg2 Kf7 55. f3 Rc4 56. Kh3 Rd4 57. Kg2 Rc4 58. Ra5 Kf6 59. Kh3 Rd4 60. Ra6+
Kf7 61. f4 Re4 62. Kg2 Kg7 63. Kf2 Kf7 64. Ra5 Kf6 65. Ra6+ Kf7 66. Ra7+ Kf6 67.
Ra6+ Kf7 {Game drawn by repetition} 1/2-1/2

[Event "Team 45 45 League T68"]
[Site "Internet Chess Club"]
[Date "2016.03.25"]
[Round "3"]
[White "Insan996"]
[Black "PsyMar"]
[Result "1-0"]
[WhiteElo "1598"]
[BlackElo "1413"]
[Opening "King's Indian: fianchetto with ...Nd7"]
[ECO "E67"]
[Time "19:20:59"]
[TimeControl "2700+45"]

1. d4 Nf6 2. Nf3 g6 3. c4 Bg7 4. Nc3 O-O 5. g3 d6 6. Bg2 Nbd7 7. O-O c5 8. e3
cxd4 9. Nxd4 Rb8 10. b3 a6 11. Bb2 Ne8 12. Qc2 Nc5 13. Rad1 e5 14. Nde2 f5 15.
Nd5 Nf6 16. Nec3 b5 17. Nxf6+ Rxf6 18. Nd5 Rf7 19. Nb4 Bb7 20. Nc6 Bxc6 21. Bxc6
e4 22. Bd5 Nd3 23. Bxg7 Kxg7 24. Bxf7 Kxf7 25. Rxd3 exd3 26. Qxd3 bxc4 27. Qxc4+
d5 28. Qxa6 Ra8 29. Qb7+ Kf6 {Black resigns} 1-0

[Event "Team 45 45 League T68"]
[Site "Internet Chess Club"]
[Date "2016.03.24"]
[Round "3"]
[White "rubo"]
[Black "bardu"]
[Result "1-0"]
[WhiteElo "1648"]
[BlackElo "1420"]
[Opening "King's Indian: London system"]
[ECO "A48"]
[Time "14:10:06"]
[TimeControl "2700+45"]

1. d4 Nf6 2. Nf3 g6 3. Bf4 Bg7 4. e3 d6 5. h3 O-O 6. Be2 c5 7. c3 b6 8. O-O Bb7
9. Nbd2 Nbd7 10. Qc2 Rc8 11. Rac1 Re8 12. Rfe1 cxd4 13. exd4 a6 14. Bf1 Qc7 15.
Bh2 Bh6 16. Rcd1 Nf8 17. Qd3 b5 18. Qb1 Ne6 19. Bd3 Bxd2 20. Nxd2 Ng5 21. f4 Qc6
22. Re2 Nxh3+ 23. Kh1 e5 24. fxe5 dxe5 25. Bxe5 Ng4 26. Be4 Nhf2+ 27. Kg1 Nxe4
28. Qxe4 Nxe5 29. dxe5 Qc5+ 30. Qe3 Rxe5 31. Qxc5 Rcxc5 32. Rxe5 Rxe5 33. Nb3
Bd5 34. Rd2 Bxb3 35. axb3 Re1+ 36. Kf2 Rb1 37. b4 Kg7 38. Ke3 Rf1 39. Kd4 Rf5
40. b3 Kf6 41. Re2 Kg5 42. c4 bxc4 43. bxc4 Rf6 44. c5 Kf5 45. Rf2+ Ke6 46.
Rxf6+ Kxf6 47. Kd5 Ke7 48. Kc6 Kd8 49. Kb7 f5 50. c6 {Black resigns} 1-0

[Event "Team 45 45 League T68"]
[Site "Internet Chess Club"]
[Date "2016.03.25"]
[Round "3"]
[White "herrahuu"]
[Black "nosir"]
[Result "0-1"]
[WhiteElo "1447"]
[BlackElo "1500"]
[Opening "QGD: semi-Slav"]
[ECO "D10"]
[Time "12:00:35"]
[TimeControl "2700+45"]

1. d4 d5 2. c4 c6 3. Nc3 e6 4. cxd5 exd5 5. Nf3 Nf6 6. Bg5 Nbd7 7. e3 Be7 8. Bd3
O-O 9. Qc2 h6 10. Bf4 Re8 11. O-O a6 12. e4 dxe4 13. Nxe4 Nxe4 14. Bxe4 Nf6 15.
Bf5 Bxf5 16. Qxf5 Nd5 17. Be3 Bd6 18. Ne5 Qe7 19. Ng4 Qe6 20. Qxe6 Rxe6 21. Bd2
Re4 22. Ne3 Rae8 23. Nxd5 cxd5 24. Bc3 Re2 25. Rfe1 Rxe1+ 26. Rxe1 Kf8 27. Rxe8+
Kxe8 28. g3 b5 29. a3 Ke7 30. Kg2 Kf6 31. f4 Kf5 32. Kf3 h5 33. b4 f6 34. h3 g5
35. g4+ hxg4+ 36. hxg4+ Ke6 37. f5+ Kd7 38. Bb2 Kc6 39. Ke3 Kb6 40. Kd3 a5 41.
bxa5+ Kxa5 42. Kc3 Ka4 43. Bc1 Bxa3 44. Be3 b4+ 45. Kc2 b3+ 46. Kb1 Kb4 47. Bg1
Kc3 48. Bf2 Kd3 {White resigns} 0-1

[Event "Team 45 45 League T68"]
[Site "Internet Chess Club"]
[Date "2016.03.25"]
[Round "3"]
[White "g8wrb"]
[Black "BrerRabbit"]
[Result "1/2-1/2"]
[WhiteElo "1305"]
[BlackElo "1448"]
[Opening "Pirc: Ufimtsev-Pytel variation"]
[ECO "B07"]
[Time "11:00:39"]
[TimeControl "2700+45"]

1. e4 d6 2. d4 Nf6 3. Nc3 c6 4. Nf3 Bg4 5. Be2 e6 6. O-O d5 7. exd5 cxd5 8. Bf4
Nc6 9. Qd3 Bd6 10. Bxd6 Qxd6 11. a3 O-O 12. Rfe1 Rac8 13. Nh4 Bxe2 14. Rxe2 Nh5
15. Re3 Rfd8 16. Nf3 Qc7 17. Ng5 Nf6 18. Rh3 h6 19. Nf3 Qb6 20. Nd1 Qc7 21. c3
Na5 22. Ne3 Nc4 23. Nxc4 Qxc4 24. Ne5 Qxd3 25. Nxd3 {Game drawn by mutual
agreement} 1/2-1/2

[Event "Team 45 45 League T68"]
[Site "Internet Chess Club"]
[Date "2016.03.25"]
[Round "3"]
[White "Just-Jim"]
[Black "SeniorCitizen"]
[Result "0-1"]
[WhiteElo "1321"]
[BlackElo "1302"]
[Opening "French: Labourdonnais variation"]
[ECO "C00"]
[Time "12:45:37"]
[TimeControl "2700+45"]

1. e4 e6 2. f4 d5 3. e5 c5 4. d3 Nc6 5. Nf3 Be7 6. Be2 Qb6 7. O-O Nh6 8. Ng5 Nf5
9. g4 c4+ 10. Kh1 Ne3 11. Bd2 Nxd1 12. Bxd1 Bxg5 13. fxg5 g6 14. b3 cxd3 15.
cxd3 Nb4 16. Nc3 Nxd3 17. Bc2 Nxe5 18. Na4 Qd4 19. Bc3 Qxg4 20. Bxe5 O-O 21. Bf4
Qe2 22. Rac1 Bd7 23. Nc3 Qa6 24. Rf3 Bc6 25. Bd3 b5 26. Kg1 d4 27. Nxb5 Bxf3 28.
Kf2 Bd5 29. Rc2 Qb7 30. Rc7 Qa6 31. Rc2 Rfc8 32. Nd6 Rxc2+ 33. Bxc2 Qxa2 34. Nb5
Qxc2+ 35. Ke1 Qe4+ {White resigns} 0-1

[Event "Team 45 45 League T68"]
[Site "Internet Chess Club"]
[Date "2016.03.29"]
[Round "3"]
[White "houseofcook"]
[Black "clarinetref"]
[Result "1-0"]
[WhiteElo "1433"]
[BlackElo "1638"]
[Opening "Robatsch (modern) defense"]
[ECO "B06"]
[Time "09:05:56"]
[TimeControl "2700+45"]

1. e4 g6 2. d4 d6 3. Nc3 Bg7 4. h3 Nd7 5. Nf3 c6 6. a4 a5 7. Be3 Qc7 8. Bd3 e5
9. O-O Ne7 10. dxe5 Nxe5 11. Nxe5 dxe5 12. Qd2 O-O 13. Rfd1 Be6 14. Qe2 Rad8 15.
Bc4 Bxc4 16. Qxc4 Nc8 17. Qb3 Bf6 18. Rxd8 Rxd8 19. Rd1 Rxd1+ 20. Nxd1 Be7 21.
Qd3 Qd6 22. Qxd6 Bxd6 23. b3 Bc7 24. Nb2 Nd6 25. f3 f5 26. exf5 gxf5 27. Nd3 e4
28. fxe4 Nxe4 29. Bf4 Bb6+ 30. Kf1 Kf7 31. Ke2 Ke6 32. Kf3 Bd4 33. g4 Nf6 34. g5
Nd5 35. Bd2 b6 36. Nf4+ Nxf4 37. Bxf4 Bc3 38. h4 b5 39. h5 bxa4 40. bxa4 c5 41.
Ke2 Kd5 42. Bd2 Bxd2 43. Kxd2 Ke5 44. h6 f4 45. g6 hxg6 46. h7 g5 47. h8=Q+ Kf5
48. Qc8+ Ke4 49. Qxc5 g4 50. Qc4+ Kf3 51. Qe2+ Kg3 52. Qe1+ Kh3 53. Qf1+ Kg3 54.
Qg1+ Kh3 55. Ke2 f3+ 56. Kf2 Kh4 57. Qg3+ Kg5 58. c4 {Black resigns} 1-0

[Event "Team 45 45 League T68"]
[Site "Internet Chess Club"]
[Date "2016.03.27"]
[Round "3"]
[White "kutch"]
[Black "Visin"]
[Result "0-1"]
[WhiteElo "1508"]
[BlackElo "1221"]
[Opening "QGD Slav: 4.Nc3"]
[ECO "D15"]
[Time "09:02:40"]
[TimeControl "2700+45"]

1. d4 d5 2. c4 c6 3. Nf3 Nf6 4. Nc3 Bg4 5. Ne5 Bh5 6. Qb3 b6 7. Bg5 e6 8. e3 h6
9. Bh4 Be7 10. Bd3 Nfd7 11. Bxe7 Qxe7 12. Nxd7 Nxd7 13. O-O O-O 14. e4 Bg6 15.
Qc2 dxc4 16. Bxc4 Rfd8 17. Rad1 Nf6 18. Be2 Rac8 19. f3 Nd5 20. a3 Ne3 21. Qb3
Nxf1 22. Bxf1 Rd7 23. Qc4 c5 24. d5 e5 25. Qa6 Rf8 26. Bb5 Rdd8 27. Bc4 Kh8 28.
Nb5 f5 29. Bd3 fxe4 30. Bxe4 Bxe4 31. fxe4 Rf7 32. Rf1 Rdf8 33. Rxf7 Rxf7 34.
Qc8+ Rf8 35. d6 Rxc8 36. dxe7 Re8 37. Nxa7 Rxe7 38. Nc8 Re6 39. Kf2 Kg8 40. Ke3
Kf8 41. Na7 Ke7 42. Nb5 Kd7 43. Nc3 Kc6 44. Nd5 h5 45. Kf3 g5 46. h3 Re8 47. g3
Rf8+ 48. Ke2 g4 49. hxg4 hxg4 50. Ne3 Rg8 51. Nc4 Rg5 52. Ne3 b5 53. Kd3 Rg8 54.
Ke2 c4 55. Kf2 Kc5 56. Nd5 Kd4 57. Ke2 Rf8 58. Ne3 Rg8 59. Nd5 Rg7 60. Nc3 Rb7
61. Kd2 b4 62. axb4 Rxb4 63. Kc2 Rb8 64. Kc1 Rf8 65. Kd1 Rf3 66. Ke1 Kd3 67. Nb1
Rxg3 68. Kf2 Rf3+ 69. Kg2 Re3 70. Nc3 Rxe4 71. Kg3 Rd4 72. Nd1 e4 73. Kxg4 e3+
74. Kf3 e2 75. Nf2+ Kd2 76. Ne4+ Rxe4 {White resigns} 0-1

[Event "Team 45 45 League T68"]
[Site "Internet Chess Club"]
[Date "2016.03.27"]
[Round "3"]
[White "sdcohle"]
[Black "Kingfisher75"]
[Result "1/2-1/2"]
[WhiteElo "1470"]
[BlackElo "1514"]
[Opening "QGD"]
[ECO "D02"]
[Time "21:01:07"]
[TimeControl "2700+45"]

1. d4 d5 2. Nf3 Nf6 3. c4 e6 4. Bg5 Be7 5. e3 h6 6. Bxf6 Bxf6 7. Nc3 O-O 8. Bd3
b6 9. O-O c5 10. cxd5 exd5 11. dxc5 Bxc3 12. bxc3 bxc5 13. c4 Be6 14. Rc1 Qa5
15. a4 Nc6 16. cxd5 Bxd5 17. Bh7+ Kxh7 18. Qxd5 Qxa4 19. Rxc5 Rac8 20. Rfc1 Nb4
21. Qc4 Rxc5 22. Qxc5 Nd3 23. Qf5+ Kg8 24. Qxd3 a5 25. Qc3 Rd8 26. Nd4 g6 27.
Ra1 Rb8 28. h3 Qb4 29. Qxb4 axb4 30. Rb1 Kg7 31. Nc6 Rc8 32. Nxb4 Rb8 33. Rb2
Kf6 34. Nd3 Rd8 35. Rb3 h5 36. f3 h4 37. e4 g5 38. Nf2 Ke5 39. Ng4+ Kf4 40. Kh2
f5 41. Rb4 fxg4 42. e5+ Kxe5 43. Rxg4 Kf5 44. Rc4 Rd2 45. Re4 Rc2 46. Rd4 Re2
47. Rc4 Rd2 48. Rc5+ Kf4 49. Rc4+ Kf5 50. Rg4 Re2 51. Rc4 Rd2 {Game drawn by
repetition} 1/2-1/2